 Dungeon Crawl Stone Soup version 0.13-a0-2960-g2f00e6d (webtiles) character file.

5332 Gruud the Martial Artist (level 10, -25/70 HPs)
             Began as a Demonspawn Transmuter on Sept 6, 2013.
             Was a Plaything of Xom.
             Annihilated by foonesh's ghost (27 damage)
             ... on Level 9 of the Dungeon.
             The game lasted 00:34:19 (7084 turns).

Gruud the Martial Artist (Demonspawn Transmuter)    Turns: 7084, Time: 00:34:19

HP -25/70        AC  5     Str 10      XL: 10   Next: 27%
MP  14/15        EV 10     Int 15      God: Xom
Gold 422         SH  0     Dex 17      Spells:  3 memorised,  5 levels left

Res.Fire  : x . .   See Invis. : .     - Unarmed
Res.Cold  : + + +   Warding    : .   C - melded +2 orc robe
Life Prot.: . . .   Conserve   : .   (shield currently unavailable)
Res.Poison: +       Res.Corr.  : .   B - melded +1 helmet (curse)
Res.Elec. : .       Clarity    : .   j - melded +2 cloak
Sust.Abil.: . .     Spirit.Shd : .   (gloves currently unavailable)
Res.Mut.  : .       Stasis     : .   (boots unavailable)
Res.Rott. : .       Flight     : .   (no amulet)
Saprovore : . . .                    (no ring)
                                     (no ring)

@: ice-form, very slightly contaminated, hasted, very quick, somewhat resistant
to hostile enchantments, unstealthy
A: (hooves 0), -10% hp, powered by death 2
a: End Transformation, Renounce Religion


You were on level 9 of the Dungeon.
You worshipped Xom.
You were a very special plaything of Xom.
You were not hungry.
You were a creature of crystalline ice.
You visited 2 branches of the dungeon, and saw 10 of its levels.

You collected 402 gold pieces.

Inventory:

Hand weapons
 b - a +1 blowgun
 w - a +2,+1 sling of flame
Missiles
 g - 34 poisoned needles
 u - 4 curare-tipped needles
 x - 33 stones (quivered)
 E - 19 sling bullets
Armour
 j - a +2 cloak (melded)
 B - a cursed +1 helmet (melded)
 C - a +2 orcish robe (melded)
Magical devices
 G - a wand of cold (7)
 K - a wand of cold (6)
 N - a wand of draining (1)
Comestibles
 a - 7 bread rations
 c - 2 rotting chunks of giant frog flesh
 l - 6 meat rations
 Q - 4 rotting chunks of centaur flesh
Scrolls
 f - 5 scrolls of teleportation
 i - 5 scrolls of remove curse {unknown}
 r - a scroll of fog
 D - a scroll of blinking
Jewellery
 q - an uncursed ring of ice
Potions
 m - a potion of resistance
 n - a potion of speed
 o - 4 potions of curing
 s - 3 potions of restore abilities
 A - 3 potions of agility
 F - a potion of cure mutation
Books
 d - a book of Changes

   Spells                             Type                      Level
   *Beastly Appendage                 Transmutation                1
   Sticks to Snakes                   Transmutation                2
   *Spider Form                       Transmutation/Poison         3
   *Ice Form                          Ice/Transmutation            4
   Blade Hands                        Transmutation                5


   Skills:
 - Level 1.0 Fighting
 - Level 1.7 Dodging
 - Level 11.0 Unarmed Combat
 - Level 2.0 Spellcasting
 * Level 9.1 Transmutations


You had 5 spell levels left.
You knew the following spells:

 Your Spells              Type           Power        Failure   Level  Hunger
a - Beastly Appendage     Trmt           ####..       1%          1    #......
b - Spider Form           Trmt/Pois      ###.......   12%         3    ####...
c - Ice Form              Ice/Trmt       ###.......   34%         4    #####..


Dungeon Overview and Level Annotations

Branches:
Dungeon (9/27)             Temple (1/1) D:7             Orc (0/4) D:6
   Lair: D:8-13

Altars:
Ashenzari
Cheibriados
Elyvilon
Fedhas
Kikubaaqudgha
Makhleb
Okawaru
Trog
Vehumet
Xom
Yredelemnul
Zin
the Shining One

Annotations:
D:4 NoamChomsky's ghost, average HuFi
D:6 exclusion: oklob plant
D:9 foonesh's ghost, experienced MiFi


Innate Abilities, Weirdness & Mutations

((You have hooves in place of feet.))*
((You are mostly covered in slimy green scales (AC +3).))*
You can steal the life force of defeated enemies.
You are frail (-10% HP).


Message History

Foonesh's ghost is severely damaged.
Foonesh's ghost barely misses you.
You hit foonesh's ghost.
Foonesh's ghost is severely damaged.
You hit foonesh's ghost but do no damage.
Foonesh's ghost is severely damaged.
Foonesh's ghost hits you!
You hit foonesh's ghost but do no damage.
Foonesh's ghost is severely damaged.
You hit foonesh's ghost but do no damage.
Foonesh's ghost is severely damaged.
Foonesh's ghost hits you!
* * * LOW HITPOINT WARNING * * *
You hit foonesh's ghost but do no damage.
Foonesh's ghost is severely damaged.
You barely miss foonesh's ghost.
Foonesh's ghost is severely damaged.
Foonesh's ghost hits you!
You die...
Xom cackles wildly!

#.#..# #.#********,* *,
#....# #>#*⌠,, ⌠**,* **
##...# ### ,,,,,**,* * #...#
*©,,,,**,** * #...# *,,,,
**>,* * #.#.# *⌠,,,⌠***,#* *
#...# * ******,./#* * #(#.#
### *##....** * #.#.#
#I#*#......,** *
#.#.###########p##........,*
*
#.#..........§........<...,*
*
#.####..........##........,*
*,
##.####.##########*#......,**
*, %)<..........# *#..?..* *,
##....#.####.# *#...#* *,
#......####.# *###* #.
####...##...# #.


You could see foonesh's ghost.

Vanquished Creatures
  A centaur warrior (D:9)
  Pikel (D:9)
  Psyche (D:8)
  Grum (D:9)
  A merfolk (D:8)
  3 wolves (D:9)
  A steam dragon (D:9)
  A sky beast (D:5)
  3 slaves (D:9)
  4 orc warriors
  A yellow wasp (D:8)
  An ice beast (D:8)
  4 ogres
  A big kobold (D:9)
  A centaur (D:8)
  5 giant frogs
  A troll skeleton (D:9)
  4 crimson imps
  A quasit (D:9)
  3 orc priests
  A centaur skeleton (D:8)
  3 big fish
  A hound (D:6)
  A jelly (D:9)
  2 giant frog skeletons
  3 orc wizards
  A black bear skeleton (D:7)
  An iguana (D:6)
  6 worker ants
  A hound skeleton (D:5)
  11 adders
  8 gnolls
  A giant centipede (D:8)
  An inept item mimic (D:2)
  A worm (D:6)
  An adder zombie (D:8)
  2 iguana skeletons (D:6)
  A scorpion zombie (D:9)
  An adder skeleton (D:5)
  2 giant eyeballs
  4 giant geckos
  18 orcs
  11 bats
  3 giant cockroaches
  11 goblins
  11 hobgoblins
  7 jackals
  14 kobolds
  An ooze (D:3)
  3 quokkas
  3 ball pythons
  5 giant newts
  2 giant spores
  A kobold zombie (D:5)
  An orc skeleton (D:4)
  10 rats
  A rat skeleton (D:4)
  5 ballistomycetes
199 creatures vanquished.

Vanquished Creatures (others)
  A slave (D:9)
  An orc warrior (D:6)
  2 orc wizards (D:6)
  4 orcs (D:6)
  A kobold (D:8)
  9 toadstools (D:6)
18 creatures vanquished.

Grand Total: 217 creatures vanquished

Notes
Turn   | Place    | Note
--------------------------------------------------------------
     0 | D:1      | Gruud, the Demonspawn Transmuter, began the quest for the Orb.
     0 | D:1      | Reached XP level 1. HP: 15/15 MP: 1/1
   142 | D:1      | Reached skill level 3 in Unarmed Combat
   549 | D:1      | Gained mutation: You can steal the life force of nearby defeated enemies. [demonic ancestry]
   549 | D:1      | Reached XP level 2. HP: 21/21 MP: 0/3
   601 | D:1      | HP: 1/21 [poisoned by a kobold]
  1157 | D:2      | Gained mutation: You have large cloven feet. [demonic ancestry]
  1157 | D:2      | Reached XP level 3. HP: 23/26 MP: 2/4
  1196 | D:2      | Reached skill level 4 in Unarmed Combat
  1739 | D:3      | Gained mutation: You have hoof-like feet. [demonic ancestry]
  1739 | D:3      | Reached XP level 4. HP: 32/32 MP: 6/6
  2092 | D:3      | Reached skill level 5 in Unarmed Combat
  2471 | D:4      | Noticed NoamChomsky's ghost (average HuFi)
  2544 | D:3      | Reached XP level 5. HP: 32/37 MP: 5/7
  2579 | D:4      | Noticed an ogre
  2584 | D:4      | Killed an ogre
  2602 | D:4      | Found a bloodstained altar of Trog.
  2681 | D:4      | Paralysed by a giant eyeball for 4 turns
  2804 | D:4      | Learned a level 3 spell: Spider Form
  2987 | D:5      | Entered Level 5 of the Dungeon
  2988 | D:5      | Noticed a sky beast
  2993 | D:5      | Found a blossoming altar of Fedhas.
  3010 | D:5      | Killed a sky beast
  3010 | D:5      | Gained mutation: You have hooves in place of feet. [demonic ancestry]
  3010 | D:5      | Reached XP level 6. HP: 32/43 MP: 9/9
  3028 | D:5      | Gained mutation: You are frail (-10% HP). [mutagenic meat]
  3170 | D:5      | Found a bloodstained altar of Trog.
  3171 | D:5      | Found a shattered altar of Ashenzari.
  3315 | D:5      | Found a glowing silver altar of Zin.
  3315 | D:5      | Noticed an angel
  3316 | D:5      | Found a burning altar of Makhleb.
  3316 | D:5      | Noticed a cacodemon
  3412 | D:5      | Reached skill level 5 in Transmutations
  3628 | D:6      | Reached skill level 6 in Unarmed Combat
  3628 | D:6      | Gained mutation: You can steal the life force of defeated enemies. [demonic ancestry]
  3628 | D:6      | Reached XP level 7. HP: 43/43 MP: 10/10
  3707 | D:6      | HP: 2/43 [orc priest/divine providence (12)]
  3853 | D:6      | Reached skill level 7 in Unarmed Combat
  4001 | D:6      | Reached XP level 8. HP: 17/49 MP: 10/12
  4064 | D:6      | Found a staircase to the Orcish Mines.
  4267 | D:6      | Reached skill level 8 in Unarmed Combat
  4294 | D:6      | Found a blossoming altar of Fedhas.
  4320 | D:6      | Noticed an oklob plant
  4883 | D:7      | Found a white marble altar of Elyvilon.
  5012 | D:7      | Found a snail-covered altar of Cheibriados.
  5078 | D:7      | Reached skill level 9 in Unarmed Combat
  5125 | D:7      | Found a staircase to the Ecumenical Temple.
  5139 | Temple   | Entered the Ecumenical Temple
  5244 | Temple   | Became a worshipper of Xom of Chaos
  5288 | D:8      | Noticed Psyche
  5294 | D:8      | Killed Psyche
  5337 | D:8      | Reached skill level 10 in Unarmed Combat
  5337 | D:8      | Gained mutation: You are partially covered in slimy green scales (AC +2). [demonic ancestry]
  5337 | D:8      | Reached XP level 9. HP: 11/54 MP: 6/13
  5575 | D:8      | Paralysed by a potion of paralysis for 7 turns
  5672 | D:8      | Paralysed by a giant eyeball for 4 turns
  5853 | D:8      | XOM: potion effect (berserk)
  5858 | D:8      | XOM: harmless Tloc miscast
  5895 | D:8      | XOM: 1-stop teleportation journey
  5995 | D:8      | XOM: 3-stop teleportation journey
  6004 | D:8      | Reached skill level 11 in Unarmed Combat
  6017 | D:8      | Learned a level 4 spell: Ice Form
  6133 | D:8      | XOM: confusion
  6449 | D:8      | XOM: harmless Pois miscast
  6587 | D:9      | Noticed Pikel
  6587 | D:9      | XOM: divine lightning (protected)
  6618 | D:9      | XOM: potion effect (berserk)
  6621 | D:9      | Killed Pikel
  6691 | D:9      | XOM: divination: detect items
  6820 | D:9      | XOM: harmless Summ miscast
  6830 | D:9      | Gained mutation: You are mostly covered in slimy green scales (AC +3). [demonic ancestry]
  6830 | D:9      | Reached XP level 10. HP: 31/59 MP: 9/15
  6847 | D:9      | Noticed a centaur warrior
  6862 | D:9      | Killed a centaur warrior
  6871 | D:9      | Noticed Grum
  6881 | D:9      | Killed Grum
  7044 | D:9      | Noticed foonesh's ghost (experienced MiFi)
  7070 | D:9      | XOM: harmless Tloc miscast
  7076 | D:9      | XOM: enchant monster (bad)
  7082 | D:9      | HP: 1/70 [foonesh's ghost (31)]
  7084 | D:9      | Annihilated by foonesh's ghost

Action                   |  1- 3 |  4- 6 |  7- 9 | 10-12 || total
-------------------------+-------+-------+-------+-------++-------
Melee: Unarmed           |   138 |   209 |   347 |    50 ||   744
 Fire: Blowgun           |       |     8 |    17 |       ||    25
       Sling             |       |     3 |    11 |       ||    14
Throw: Dart              |       |     3 |     8 |       ||    11
 Cast: Beastly Appendage |     2 |     2 |       |       ||     4
       Spider Form       |       |     2 |    29 |     1 ||    32
       Ice Form          |       |       |       |     1 ||     1
 Abil: End Transformatio |       |     2 |    14 |       ||    16
Evoke: Wand              |       |       |     3 |       ||     3
  Use: Potion            |     1 |       |     3 |     4 ||     8
       Scroll            |       |     6 |     2 |    19 ||    27
 Stab: Sleeping          |     1 |       |       |       ||     1
       Distracted        |       |       |     1 |       ||     1
